 Dungeon Crawl Stone Soup version 0.32-a0-120-gfac0567ad4 (webtiles) character file.

Game seed: 3850777828559876115

676 PriceMaster the Firebug (level 7, -12/42 HPs)
             Began as an Octopode Fire Elementalist on Feb 7, 2024.
             Killed by an exploding Duvessa (42 damage)
             ... ignited by their inner flame
             ... on level 5 of the Dungeon.
             The game lasted 00:09:13 (5168 turns).

PriceMaster the Firebug (OpFE)                      Turns: 5168, Time: 00:09:13

Health: -12/42     AC:  1    Str:  7    XL:     7   Next: 60%
Magic:  3/13       EV: 13    Int: 20    God:
Gold:   337        SH:  0    Dex: 12    Spells: 8/14 levels left

rFire   . . .        o - +5 short sword (vamp)
rCold   + . .        (no shield)
rNeg    . . .        (helmet restricted)
rPois   .            (no amulet)
rElec   .            i - ring of protection from cold
rCorr   +            l - ring of resist corrosion
SInv    .            (no ring)
Will    .....        (no ring)
Stlth   ++++         (no ring)
HPRegen 0.27/turn    (no ring)
MPRegen 0.13/turn    (no ring)
                     (no ring)

%: no passive effects
@: no status effects
A: almost no armour, amphibious, 8 rings, camouflage 1, gelatinous body 1,
(nimble swimmer 1), tentacles
a: no special abilities


You were on level 5 of the Dungeon.
You visited 1 branch of the dungeon, and saw 5 of its levels.

You collected 337 gold pieces.

Inventory:

Hand Weapons
 c - a +0 club
 d - a +0 dagger of holy wrath
 o - a +5 vampiric short sword (weapon)
Missiles
 n - 2 datura-tipped darts
Jewellery
 i - a ring of protection from cold (left tentacle)
 l - a ring of resist corrosion (right tentacle)
Scrolls
 f - 2 scrolls of enchant armour {unknown}
 g - a scroll of identify
 j - a scroll of poison {unknown}
 m - a scroll of fear {unknown}
 p - a scroll of amnesia {unknown}
Potions
 a - a potion of magic
 b - 2 potions of curing
 e - 2 potions of enlightenment
 h - 4 potions of lignification
 k - a potion of resistance
 q - a potion of heal wounds {unknown}
 r - a potion of mutation {unknown}


   Skills:
 + Level 0.6 Fighting
 + Level 1.2 Short Blades
 + Level 0.2 Maces & Flails
 + Level 2.5 Dodging
 + Level 4.6 Stealth
 + Level 4.4 Spellcasting
 + Level 1.9 Conjurations
 + Level 2.3 Hexes
 + Level 5.4 Fire Magic


You had 8 spell levels left.
You knew the following spells:

 Your Spells              Type           Power      Damage    Failure   Level
a - Foxfire               Conj/Fire      76%        2x1d7     2%          1
b - Scorch                Fire           52%        2d7       1%          2
c - Inner Flame           Hex/Fire       19%        N/A       8%          3

Your spell library contained the following spells:

 Spells                   Type           Power      Damage    Failure   Level
 Volatile Blastmotes      Fire/Tloc      30%        2d12      12%         3
 Lesser Beckoning         Tloc           8%         N/A       19%         2
 Flame Wave               Conj/Fire      19%        2d7       26%         4
 Gell's Gravitas          Tloc           4%         N/A       36%         3
 Teleport Other           Tloc           4%         N/A       36%         3
 Cause Fear               Hex            6%         N/A       43%         4
 Anguish                  Hex/Necr       4%         N/A       58%         4
 Vhi's Electric Charge    Tloc/Air       8%         N/A       77%         4
 Arcjolt                  Conj/Air       4%         1d14      92%         5
 Plasma Beam              Fire/Air       7%         2x1d18    99%         6
 Starburst                Conj/Fire      9%         6d5       99%         6
 Enfeeble                 Hex            6%         N/A       100%        7
 Maxwell's Capacitive Co  Air            2%         ∞         100%        8


Dungeon Overview and Level Annotations

Branches:
Dungeon (5/15)
 Temple: D:4-7

Altars:
Okawaru
The Shining One

Annotations:
D:5 Dowan


Innate Abilities, Weirdness & Mutations

You cannot wear most types of armour.
You are amphibious.
You can wear up to eight rings at the same time.
Your skin changes colour to match your surroundings (Stealth+).
Your rubbery body absorbs attacks. (AC +1, EV +1)
((You are camouflaged when in or above water. (Stealth+)))
You have tentacles for arms and can constrict up to eight enemies at once.


Message History

Press: ? - help, Dir - move target, f - Dowan, p - Duvessa
Aim: Dowan, wielding a +0 dagger and wearing a +2 robe of positive energy (chance to affect: 74%) Dowan struggles to resist.
The gnoll shouts!
Casting: Inner Flame (dangerous; 8% risk of failure)
Confirm with . or Enter, or press ? or * to list all spells.
You can't see any susceptible monsters within range! (Use Z to cast anyway.)
Casting: Inner Flame (dangerous; 8% risk of failure)
Confirm with . or Enter, or press ? or * to list all spells.
You conjure some foxfire!
A gnoll comes into view. It is wielding a +0 spear.
A gnoll bouda comes into view. It is wielding a +0 whip.
Casting: Foxfire (safe; 2% risk of failure)
Confirm with . or Enter, or press ? or * to list all spells.
Flames lash Duvessa.
Flame seeps out of Duvessa.
Duvessa is lightly wounded.
Duvessa's fire resistance burns away.
You hear a shout! x2
The foxfire hits Duvessa.
Flame seeps out of Duvessa.
Duvessa is lightly wounded.
Duvessa is engulfed in blazing flames.
Flame seeps out of Duvessa.
Your foxfire dissipates!
The gnoll bouda barks out a call to the hunt!
The gnolls pick up the pace!
Duvessa hits you with a +0 short sword.
Duvessa is no longer more vulnerable to fire.
Duvessa hits you with a +0 short sword.
Dowan gestures wildly while chanting.
Dowan blinks!
Duvessa hits you with a +0 short sword.
Casting: Scorch (safe; 1% risk of failure)
Confirm with . or Enter, or press ? or * to list all spells.
Flames lash Duvessa.
Flame seeps out of Duvessa.
Duvessa is heavily wounded.
Duvessa's fire resistance burns away.
Duvessa is engulfed in blazing flames.
Flame seeps out of Duvessa.
Duvessa hits you with a +0 short sword.
Duvessa is engulfed in blazing flames.
You hear a distant wail of despair.
Duvessa explodes!
The fiery explosion engulfs you!!!
Ouch! That really hurt!
You die...

. .. #... .g...
##########......
#.@○§gg.Og......
#=########g.....
#....#### +####
####.##.. #.##.###
#.##.#....
########.##.#.#...
#......#.##.#.#...
#.####.#.##.#.#...


You could see an ogre, a gnoll bouda and 2 gnolls.

Vanquished Creatures
  Sigmund (D:4)
  Duvessa (D:5)
  A bullfrog (D:5)
  A howler monkey (D:5)
  3 orc priests
  A hound (D:5)
  A gnoll bouda (D:4)
  2 orc wizards (D:4)
  A sleepcap (D:3)
  2 iguanas (D:5)
  6 adders
  3 dart slugs
  A ribbon worm (D:1)
  9 orcs
  6 endoplasms
  2 giant cockroaches (D:1)
  9 goblins
  6 hobgoblins
  2 jackals (D:1)
  10 kobolds
  2 quokkas
  4 ball pythons
  5 bats
  3 frilled lizards
  8 rats
90 creatures vanquished.

Vanquished Creatures (others)
  151 foxfires
151 creatures vanquished.

Grand Total: 241 creatures vanquished

Notes
Turn   | Place    | Note
-------+----------+-------------------------------------------
     0 | D:1      | PriceMaster the Octopode Fire Elementalist began the quest
                  | for the Orb.
     0 | D:1      | Reached XP level 1. HP: 11/11 MP: 3/3
   534 | D:1      | Reached XP level 2. HP: 11/17 MP: 0/5
   543 | D:1      | Learned a level 2 spell: Scorch
   793 | D:1      | Reached XP level 3. HP: 14/22 MP: 6/6
   800 | D:1      | Learned a level 3 spell: Inner Flame
  1458 | D:2      | Found an iron altar of Okawaru.
  2044 | D:2      | Reached XP level 4. HP: 27/27 MP: 2/7
  2647 | D:3      | Found a glowing golden altar of the Shining One.
  3340 | D:4      | Reached XP level 5. HP: 32/32 MP: 3/9
  3656 | D:4      | Noticed Sigmund
  3660 | D:4      | Killed Sigmund
  3661 | D:4      | Reached skill level 1 in Short Blades
  3661 | D:4      | Reached skill level 4 in Fire Magic
  3661 | D:4      | Reached XP level 6. HP: 37/37 MP: 6/11
  4109 | D:4      | Reached skill level 1 in Hexes
  4286 | D:5      | Entered Level 5 of the Dungeon
  4292 | D:5      | Reached XP level 7. HP: 37/42 MP: 2/13
  4589 | D:5      | Reached skill level 5 in Fire Magic
  5157 | D:5      | Noticed Dowan
  5157 | D:5      | Noticed Duvessa
  5168 | D:5      | Killed Duvessa
  5168 | D:5      | Killed by an exploding Duvessa... ignited by their inner
                  | flame

Illustrated notes

Levels and vault maps discovered:
D:1:      dpeg_arrival_brainrot, layout_loops_ring
D:2:      layout_loops_ring, basic_altar, kennysheep_generic_room_13
D:3:      layout_basic, lemuel_coloured_pillars_altar
D:4:      layout_rooms, serial_bayou_pond_b, uniq_sigmund
D:5:      layout_basic, uniq_ijyb, uniq_eustachio, uniq_duvessa

Skill      XL: |  1  2  3  4  5  6  7 |
---------------+----------------------+-----
Stealth        | 3 4 |  4.6
Spellcasting   | 3 4 |  4.4
Short Blades   | 1 |  1.2
Fire Magic     | 4 5 |  5.4
Hexes          | 1 2 |  2.3
Fighting       | |  0.6
Maces & Flails | |  0.2
Dodging        | |  2.5
Conjurations   | |  1.9

Action                     |  1- 3 |  4- 6 |  7- 9 || total
---------------------------+-------+-------+-------++-------
  Melee: Unarmed           |    18 |       |       ||    18
         Tentacles         |    12 |     3 |       ||    15
         Constrict         |    12 |     5 |       ||    17
         Dagger            |    38 |    22 |       ||    60
         Club              |     4 |       |       ||     4
         Punch             |     2 |     2 |       ||     4
         Short sword       |       |     2 |     2 ||     4
   Cast: Foxfire           |    45 |    36 |    15 ||    96
         Scorch            |    11 |    13 |     8 ||    32
         Inner Flame       |     1 |    11 |     5 ||    17
    Use: Potion            |     2 |     1 |       ||     3
         Scroll            |     1 |     7 |       ||     8
   Stab: Sleeping          |     3 |     4 |       ||     7
 Armour: Skin              |    27 |    13 |     5 ||    45
  Dodge: Dodged            |    32 |    16 |    10 ||    58

Table legend: (Time is in decaauts)
 A = Elapsed time spent in this place.
 B = Non-inter-level travel time spent in this place.
 C = Inter-level travel time spent in this place.
 D = Time resting spent in this place.
 E = Time spent auto-exploring this place.
 F = Levels seen in this place.
 G = Mean time per level.
                   A        B        C        D        E       F      G
               +--------+--------+--------+--------+--------+-----+--------+
         Total |   5166 |   5058 |    108 |    853 |   3523 |   5 | 1033.2 |
       Dungeon |   5166 |   5058 |    108 |    853 |   3523 |   5 | 1033.2 |
               +--------+--------+--------+--------+--------+-----+--------+

Top non-repeatable levels by time:
     D:1: 1340 daAuts
     D:4: 1308 daAuts
     D:2: 975 daAuts
     D:3: 947 daAuts
     D:5: 594 daAuts
